 Dungeon Crawl Stone Soup version 0.26-a0-831-g7192265339 (webtiles) character file.

Game seed: 13470984940913473524

256 strifetoe the Chopper (level 6, -14/37 HPs)
             Began as a Gargoyle Monk on Nov 16, 2020.
             Demolished by an ogre
             ... wielding a cursed -2 giant club
              (20 damage)
             ... on level 4 of the Dungeon.
             The game lasted 00:03:09 (4275 turns).

strifetoe the Chopper (Gargoyle Monk)               Turns: 4275, Time: 00:03:10

Health: -14/37     AC: 12    Str: 16    XL:     6   Next: 16%
Magic:  6/6        EV:  7    Int: 11    God:
Gold:   86         SH:  0    Dex: 12    Spells: 5/5 levels left

rFire    . . .     SeeInvis .   a - +0 hand axe
rCold    . . .     Faith    .   (no shield)
rNeg     + . .     Spirit   .   n - +0 chain mail
rPois    ∞         Reflect  .   (no helmet)
rElec    +         Harm     .   (no cloak)
rCorr    .         Rampage  .   (no gloves)
MR       .....                  (no boots)
Stlth    ..........             (no amulet)
HPRegen  0.12/turn              (no ring)
MPRegen  0.10/turn              (no ring)

@: no status effects
A: negative energy resistance 1, electricity resistance, unbreathing,
petrification resistance, rot immunity, AC +4
a: no special abilities


You were on level 4 of the Dungeon.
You visited 1 branch of the dungeon, and saw 4 of its levels.

You collected 86 gold pieces.

Inventory:

Hand Weapons
 a - a +0 hand axe (weapon)
Armour
 b - a +0 robe
 j - a +0 ring mail
 n - a +0 chain mail (worn)
Scrolls
 d - 2 scrolls of immolation {unknown}
 f - a scroll of random uselessness {unknown}
 g - 2 scrolls of fear {unknown}
 h - a scroll of identify
 k - a scroll of enchant weapon {unknown}
 m - 2 scrolls of blinking {unknown}
 p - a scroll of enchant armour {unknown}
 q - 2 scrolls of remove curse {unknown}
Potions
 c - 2 potions of lignification
 e - 3 potions of curing
 l - a potion of haste


   Skills:
 - Level 3.2 Fighting
 + Level 6.1 Axes
 - Level 2.4 Dodging
 - Level 2.1 Stealth


You had 5 spell levels left.
You didn't know any spells.
Your spell library was empty.

Dungeon Overview and Level Annotations

Branches:
Dungeon (4/15)
 Temple: D:4-7

Altars:
Elyvilon


Innate Abilities, Weirdness & Mutations

You are resistant to torment.
Your stone body is resilient. (AC +4)
You are immune to poison.
You resist negative energy. (rN+)
You are resistant to electric shocks. (rElec)
You can survive without breathing.
You are immune to petrification.
You are immune to rotting.


Message History

You hit the orc. You hit the dart slug.
The ogre hits you with a cursed -2 giant club.
The dart slug bites you but does no damage.
The orc hits you but does no damage.
You hit the orc but do no damage.
The orc is almost dead.
You hit the dart slug. You hit the ogre but do no damage. You hit the orc.
The orc hits you but does no damage. The ogre closely misses you.
The dart slug bites you.
You hit the orc but do no damage.
The orc is almost dead.
Your chain mail prevents you from hitting the ogre.
You hit the dart slug but do no damage. You hit the orc but do no damage.
The orc hits you but does no damage. x2
The ogre hits you with a cursed -2 giant club!!
* * * LOW HITPOINT WARNING * * *
The orc hits you but does no damage.
The ogre hits you with a cursed -2 giant club!!
Ouch! That really hurt!
You die...

.....##......#...##...##
##............##.#######
.#....#........##.##
......###....###...#
......###..#.# #.8.#
.......#.....# #...#
............#####>####
................###..#
..........#..@.[)#..#
..........####O....####
...##.......###o......#
.. #.......##.o......###
. #...................#
###.......o.o.#....#
.............>....#
.................###
..##........w..###


You could see an ogre and 2 orcs.

Vanquished Creatures
  2 hounds (D:4)
  Natasha (thrice) (D:4)
  4 adders
  2 worms (D:2)
  3 dart slugs (D:1)
  6 leopard geckos
  An orc (D:3)
  A ball python (D:2)
  4 giant cockroaches
  7 hobgoblins
  4 jackals (D:1)
  2 quokkas
  5 bats
  4 frilled lizards
  7 goblins
  7 kobolds
  10 rats
72 creatures vanquished.

Notes
Turn   | Place    | Note
-------+----------+-------------------------------------------
     0 | D:1      | strifetoe the Gargoyle Monk began the quest for the Orb.
     0 | D:1      | Reached XP level 1. HP: 14/14 MP: 1/1
   189 | D:1      | Reached skill level 3 in Axes
   192 | D:1      | Reached XP level 2. HP: 14/19 MP: 2/2
   800 | D:1      | Reached XP level 3. HP: 19/23 MP: 3/3
  1342 | D:1      | Reached skill level 4 in Axes
  1873 | D:2      | Reached XP level 4. HP: 22/28 MP: 4/4
  2789 | D:2      | Found a white marble altar of Elyvilon.
  3178 | D:3      | Reached skill level 5 in Axes
  3518 | D:4      | Reached XP level 5. HP: 25/32 MP: 5/5
  3590 | D:4      | Noticed Natasha
  3622 | D:4      | Killed Natasha
  3663 | D:4      | Noticed Natasha
  3682 | D:4      | Killed Natasha
  3864 | D:4      | Noticed Natasha
  3878 | D:4      | Reached skill level 6 in Axes
  3878 | D:4      | Reached XP level 6. HP: 15/37 MP: 6/6
  3888 | D:4      | Killed Natasha
  4275 | D:4      | Demolished by an ogre

Illustrated notes

Levels and vault maps discovered:
D:1:      heliophobic_arrival_ceremonial_halls, layout_basic
D:2:      layout_basic, elyvilon_altar_1
D:3:      layout_basic, serial_curves, eino_curves_01, eino_curves_02
D:4:      layout_cave_pools, grunt_ministairs_5, trog_book, uniq_natasha

Skill      XL: |  1  2  3  4  5 |
---------------+----------------+-----
Axes           | 3 4 5 6 |  6.1
Fighting       | |  3.2
Dodging        | |  2.4
Stealth        | |  2.1

Action                   |  1- 3 |  4- 6 || total
-------------------------+-------+-------++-------
Melee: Hand axe          |   119 |   197 ||   316
  Use: Scroll            |       |     5 ||     5
 Stab: Sleeping          |     3 |       ||     3
Armor: Robe              |    34 |       ||    34
       Ring mail         |     7 |    35 ||    42
       Chain mail        |       |    96 ||    96
Dodge: Dodged            |    93 |   103 ||   196

Table legend: (Time is in decaauts)
 A = Elapsed time spent in this place.
 B = Non-inter-level travel time spent in this place.
 C = Inter-level travel time spent in this place.
 D = Time resting spent in this place.
 E = Time spent auto-exploring this place.
 F = Levels seen in this place.
 G = Mean time per level.
                   A        B        C        D        E       F      G
               +--------+--------+--------+--------+--------+-----+--------+
         Total |   4296 |   4250 |     46 |    995 |   2463 |   4 | 1074.0 |
       Dungeon |   4296 |   4250 |     46 |    995 |   2463 |   4 | 1074.0 |
               +--------+--------+--------+--------+--------+-----+--------+

Top non-repeatable levels by time:
     D:1: 1563 daAuts
     D:2: 1308 daAuts
     D:4: 778 daAuts
     D:3: 646 daAuts
